 Dungeon Crawl Stone Soup version 0.17.1-3-g152610e (webtiles) character file.

207 Heskey the Skirmisher (level 5, -1/34 HPs)
             Began as a Gargoyle Fighter on Mar 24, 2016.
             Slain by an orc warrior
             ... wielding a +0 glaive
              (17 damage)
             ... on level 3 of the Dungeon.
             The game lasted 00:05:27 (2539 turns).

Heskey the Skirmisher (Gargoyle Fighter)            Turns: 2539, Time: 00:05:27

Health: -1/34      AC: 12    Str: 21    XL:     5   Next: 85%
Magic:  5/5        EV:  7    Int:  8    God:
Gold:   79         SH:  9    Dex:  9    Spells: 0 memorised, 4 levels left

rFire  . . .     SeeInvis .     a - +0 flail
rCold  . . .     Clarity  .     b - +0 scale mail
rNeg   + . .     SustAt   .     c - +0 shield
rPois  ∞         Gourm    .     (no helmet)
rElec  +         Spirit   .     (no cloak)
rCorr  .         Warding  .     (no gloves)
rMut   .         Stasis   .     n - +0 pair of boots
MR     .....                    (no amulet)
Stlth  ..........               (no ring)
                                (no ring)

@: not resistant to hostile enchantments, extremely unstealthy
A: negative energy resistance 1, electricity resistance, unbreathing,
petrification resistance, rot immunity, AC +4
a: no special abilities


You were on level 3 of the Dungeon.
You were not hungry.

You visited 1 branch of the dungeon, and saw 3 of its levels.

You collected 79 gold pieces.

Inventory:

Hand Weapons
 a - a +0 flail (weapon)
Armour
 b - a +0 scale mail (worn)
 c - a +0 shield (worn)
 n - a +0 pair of boots (worn)
Wands
 i - a wand of polymorph (7)
Scrolls
 d - 3 scrolls of enchant weapon {unknown}
 e - a scroll of identify
 f - 2 scrolls of teleportation
 j - 2 scrolls of fog {unknown}
 q - a scroll of amnesia {unknown}
Potions
 h - 4 potions of curing
 k - a potion of haste {unknown}
 l - 2 potions of poison {unknown}
 p - 2 potions of heal wounds {unknown}
Comestibles
 g - a meat ration
 m - 2 beef jerkies
 o - a bread ration


   Skills:
 * Level 4.9 Fighting
 + Level 3.0 Maces & Flails
 + Level 4.3 Armour
 + Level 4.3 Shields


You had 4 spell levels left.
You didn't know any spells.

Dungeon Overview and Level Annotations

Branches:
Dungeon (3/15)

Altars:
Dithmenos


Innate Abilities, Weirdness & Mutations

You are resistant to torment.
Your stone body is resilient (AC +4).
You are immune to poison.
You resist negative energy.
You are resistant to electric shocks.
You can survive without breathing.
You are immune to petrification.
You are immune to rotting.


Message History

The orc barely misses you.
The orc wizard gestures wildly while chanting.
The orc wizard blinks!
You hit the orc.
The orc is severely wounded.
You block the orc's attack. The orc warrior barely misses you.
The orc wizard casts a spell at you. The magic dart hits you!
Unknown command.
You hit the orc but do no damage.
The orc is severely wounded.
You block the orc's attack. You block the orc warrior's attack.
Unknown command.
Unknown command.
You thump the orc!
You kill the orc!
The orc wizard hits you but does no damage.
The orc warrior hits you from afar with a glaive!
Ouch! That really hurt!
You die...

#.........####
#.<.......#...
#(............
#........)....
#.............
###########.............
............)....)......
#########....?..@oo.....
#.#####...##..(...# ##..#
#.#.# ......
#####.....#####.#.###....#
............#.....##.....##
#.........................##
..#........................#
.......................(...#
.#..................†......#


You could see an orc warrior and an orc wizard.

Vanquished Creatures
  A crimson imp (D:2)
  An orc priest (D:3)
  Jessica (D:2)
  2 adders (D:2)
  5 oozes
  7 giant geckos
  5 orcs (D:3)
  3 giant cockroaches
  8 goblins
  7 hobgoblins
  3 jackals (D:2)
  8 kobolds
  A quokka (D:3)
  8 bats
  2 giant newts
  11 rats
73 creatures vanquished.

Notes
Turn   | Place    | Note
--------------------------------------------------------------
     0 | D:1      | Heskey the Gargoyle Fighter began the quest for the Orb.
     0 | D:1      | Reached XP level 1. HP: 14/14 MP: 1/1
    40 | D:1      | Reached XP level 2. HP: 19/19 MP: 2/2
   125 | D:1      | Reached XP level 3. HP: 20/24 MP: 3/3
   557 | D:1      | Reached skill level 4 in Fighting
   796 | D:2      | You fall through a shaft!
   820 | D:2      | Noticed Jessica
   874 | D:2      | Reached XP level 4. HP: 9/29 MP: 4/4
  1843 | D:2      | Reached XP level 5. HP: 34/34 MP: 5/5
  1890 | D:2      | Killed Jessica
  2251 | D:3      | Found a shadowy altar of Dithmenos.
  2529 | D:3      | Noticed an orc warrior
  2539 | D:3      | Slain by an orc warrior

Action                   |  1- 3 |  4- 6 || total
-------------------------+-------+-------++-------
Melee: Flail             |   102 |   146 ||   248
  Use: Scroll            |     2 |       ||     2
       Potion            |     1 |     2 ||     3
  Eat: Bread ration      |       |     1 ||     1
       Chunk             |       |     1 ||     1
